 Dungeon Crawl Stone Soup version 0.31-a0-1178-gc5c9b8f871 (webtiles) character file.

Game seed: 16769202840860195542

54 qw the Shooter (level 3, -4/23 HPs)
             Began as a Gargoyle Hunter on Dec 11, 2023.
             Slain by a hobgoblin (5 damage)
             ... led by Robin
             ... on level 2 of the Dungeon.
             The game lasted 00:00:23 (622 turns).

qw the Shooter (Gargoyle Hunter)                     Turns: 622, Time: 00:00:24

Health: -4/23      AC:  6    Str: 14    XL:     3   Next: 91%
Magic:  3/3        EV: 11    Int:  9    God:
Gold:   76         SH:  0    Dex: 15    Spells: 2/2 levels left

rFire   . . .        a - +1 shortbow
rCold   . . .        (shield currently unavailable)
rNeg    + . .        c - +0 leather armour
rPois   inf          (no helmet)
rElec   +            (no cloak)
rCorr   .            (no gloves)
SInv    .            (no boots)
Will    .....        (no amulet)
Stlth   ++           (no ring)
HPRegen 0.23/turn    (no ring)
MPRegen 0.08/turn

%: no passive effects
@: hasted, very quick
A: sickness immunity, AC +3, negative energy resistance 1, electricity
resistance, torment resistance 1, petrification resistance
a: no special abilities


You were on level 2 of the Dungeon.
You visited 1 branch of the dungeon, and saw 2 of its levels.

You collected 76 gold pieces.


Innate Abilities, Weirdness & Mutations

You are immune to sickness and miasma.
Your stone body is resilient. (AC +3)
You are immune to poison.
You resist negative energy. (rN+)
You are resistant to electric shocks. (rElec)
You are resistant to unholy torment.
You are immune to petrification.


   Skills:
 - Level 3.0 Fighting
 + Level 5.0 Ranged Weapons
 - Level 1.5 Dodging
 - Level 1.1 Stealth


You had 2 spell levels left.
You didn't know any spells.
Your spell library was empty.

Inventory:

Hand Weapons
 a - a +1 shortbow (weapon)
Armour
 c - a +0 leather armour (worn)
Scrolls
 b - a scroll of brand weapon {unknown}

Dungeon Overview and Level Annotations

Branches:
Dungeon (2/15)

Altars:

Shops:
D:1 :

Annotations:
D:2 Robin


Message History

The goblins go into a battle-frenzy!
You shoot an arrow. The arrow hits the goblin.
You kill the goblin!
Robin throws the goblin at you!
A goblin comes into view. It is wielding a +0 club.
The goblin hits you with a +0 club.
Your Fighting skill increases to level 3!
You shoot an arrow. The arrow barely misses the hobgoblin.
The arrow barely misses Robin.
The goblin shouts!
The hobgoblin closely misses you. The goblin hits you with a +0 club.
The hobgoblin hits you.
You shoot an arrow. The arrow hits the hobgoblin.
The hobgoblin is almost dead.
The goblin hits you with a +0 club.
The hobgoblin hits you but does no damage.
The hobgoblin closely misses you.
You shoot an arrow. The arrow closely misses the hobgoblin.
The arrow hits Robin.
Robin is moderately wounded.
The goblin hits you with a +0 club. The hobgoblin hits you.
618 ||| DRINKING dark potion.
It was a potion of haste.
You feel yourself speed up.
The hobgoblin hits you but does no damage.
Robin barely misses you. The goblin hits you but does no damage.
The hobgoblin completely misses you.
You shoot an arrow. The arrow closely misses the hobgoblin.
The goblin barely misses you.
The hobgoblin hits you but does no damage.
Robin throws the goblin at you! The hobgoblin closely misses you.
You shoot an arrow. The arrow hits the hobgoblin.
You kill the hobgoblin!
Robin hits you but does no damage. The goblin hits you with a +0 club.
The goblin hits you but does no damage. The hobgoblin barely misses you.
You shoot an arrow. The arrow closely misses Robin.
You shoot an arrow. The arrow hits Robin.
Robin is heavily wounded.
The goblin hits you with a +0 club. The goblin misses you. Robin misses you.
The hobgoblin hits you.
You die...

.# ...% .# .... .#..%)< .#.....
..)... ####..... ##.ggg#
###..g@.## ###########....##..#
######### .........#..#..# #)##
#........
....####......####..####........
...........................(...
##...#..#######....###........
###...## #.#.####........ ##.##
######.#.##..........
#######..###......#.##%##.######


You could see Robin, a hobgoblin (strong) and 2 goblins.

Vanquished Creatures
  An adder (D:2)
  A worm (D:2)
  2 dart slugs (D:1)
  5 bats
  11 goblins
  4 hobgoblins (D:2)
  6 kobolds
  A quokka (D:1)
  3 ball pythons
  A frilled lizard (D:2)
  2 rats
37 creatures vanquished.

Notes
Turn   | Place    | Note
-------+----------+-------------------------------------------
     0 | D:1      | qw the Gargoyle Hunter began the quest for the Orb.
     0 | D:1      | Reached XP level 1. HP: 12/12 MP: 1/1
     0 | D:1      | 0 ||| qw: Version: 0.3-a-106-g2cfff9e
     0 | D:1      | 0 ||| qw: Game counter: 2043
     0 | D:1      | 0 ||| qw: Melee chars always use a shield: true
     0 | D:1      | 0 ||| qw: God list: Okawaru
     0 | D:1      | 0 ||| qw: Allow faded altars: false
     0 | D:1      | 0 ||| qw: Do Orc after clearing Dungeon:15 true
     0 | D:1      | 0 ||| qw: Do second Lair branch before Depths: true
     0 | D:1      | 0 ||| qw: Lair rune preference: random
     0 | D:1      | 0 ||| qw: Goals: Normal, Save, Zot:1-4, Win
     0 | D:1      | 0 ||| PLANNING D:1-11
    91 | D:1      | Reached XP level 2. HP: 17/17 MP: 2/2
   257 | D:1      | Found Memnab's Book Boutique.
   417 | D:1      | 417 ||| READING scroll labelled WATID EMEOCUA.
   418 | D:1      | 418 ||| READING scroll labelled XEAFIT XIZUU.
   419 | D:1      | 419 ||| READING scroll labelled OSUVOO XAERGHAIL.
   420 | D:1      | 420 ||| READING scroll labelled RYIPLO POOL.
   423 | D:1      | 423 ||| READING scroll labelled UFOOTT ABLOZU.
   423 | D:1      | 423 ||| ENCHANTING +0 shortbow.
   424 | D:1      | 424 ||| DROPPING scroll of butterflies.
   461 | D:2      | Reached skill level 5 in Ranged Weapons
   461 | D:2      | Reached XP level 3. HP: 21/21 MP: 3/3
   610 | D:2      | Noticed Robin
   615 | D:2      | Reached skill level 3 in Fighting
   617 | D:2      | HP: 5/23 [goblin/+0 club[Robin] (6)]
   618 | D:2      | 618 ||| DRINKING dark potion.
   622 | D:2      | HP: 1/23 [goblin/+0 club[Robin] (3)]
   622 | D:2      | Slain by a hobgoblin

Levels and vault maps discovered:
D:1:      minmay_arrival_plants_in_alcoves, layout_rooms, serial_shops, shop,
          minmay_fountain_box, minmay_misc_feat_tower
D:2:      layout_rooms, uniq_robin

Skill      XL: |  1  2  3 |
---------------+----------+-----
Ranged Weapons | 5 |  5.0
Fighting       | 3 |  3.0
Dodging        | |  1.5
Stealth        | |  1.1

Action                     || total
---------------------------++-------
   Fire: Shortbow          ||    93
    Use: Scroll            ||     5
         Potion            ||     1
 Armour: Leather armour    ||    27
  Dodge: Dodged            ||    25

Table legend:
 A = Non-vault XP
 B = Vault XP
 C = Vault XP percentage of total XP
 D = Non-vault monster count
 E = Vault monster count
 F = Vault count percentage of total count
                 A         B        C        D         E       F
            +---------+---------+-------+---------+---------+-------
      Total |      61 |      17 |  21.8 |      28 |       9 |  24.3
            +---------+---------+-------+---------+---------+-------
        D:1 |      31 |       0 |   0.0 |      18 |       0 |   0.0
        D:2 |      30 |      17 |  36.2 |      10 |       9 |  47.4
            +---------+---------+-------+---------+---------+-------
